 Dungeon Crawl Stone Soup version 0.31-a0-692-gf03d1854d5 (webtiles) character file.

Game seed: 2684086602702319232

3961 Ordine the Grappler (level 10, -4/80 HPs)
             Began as a Merfolk Shapeshifter on Sept 7, 2023.
             Was a Believer of Wu Jian.
             Slain by a troll (9 damage)
             ... on level 7 of the Dungeon.
             The game lasted 00:17:25 (8016 turns).

Ordine the Grappler (Merfolk Shapeshifter)          Turns: 8016, Time: 00:17:26

Health: -4/80      AC:  6    Str: 18    XL:     10   Next: 22%
Magic:  10/10      EV: 12    Int: 11    God:    Wu Jian [**....]
Gold:   147        SH:  0    Dex: 13    Spells: 9/9 levels left

rFire   . .          .
                       - Unarmed
rCold   . . .        (no shield)
rNeg    . . .        m - +3 leather armour
rPois   .            (helmet currently unavailable)
rElec   .            (cloak currently unavailable)
rCorr   .            h - melded +0 pair of gloves
SInv    .            (boots currently unavailable)
Will    .....        (no amulet)
Stlth   +            (no ring)
HPRegen 0.33/turn    (no ring)
MPRegen 0.12/turn

%: no passive effects
@: beast-form
A: beast (slay +4), (nimble swimmer 2), mertail
a: Begin Untransformation, Renounce Religion, Wall Jump


You were on level 7 of the Dungeon.
You worshipped Wu Jian.
Wu Jian was pleased with you.
You were a hulking beast.
You visited 2 branches of the dungeon, and saw 8 of its levels.

You collected 413 gold pieces.
You spent 266 gold pieces at shops.

Inventory:

Armour
 h - a +0 pair of gloves (melded)
 m - a +3 leather armour (worn)
Jewellery
 w - a +6 ring of intelligence
 x - a ring of wizardry
Talismans
 c - a beast talisman (active)
 d - a flux talisman
Wands
 v - a wand of light (3)
 A - a wand of digging (9)
 C - a wand of roots (10)
 H - a wand of mindburst (7)
Scrolls
 f - 4 scrolls of identify
 g - a scroll of revelation {unknown}
 i - a scroll of amnesia {unknown}
 j - a scroll of poison
 k - 2 scrolls of vulnerability {unknown}
 n - a scroll of brand weapon {unknown}
 p - a scroll of enchant weapon {unknown}
 t - a scroll of acquirement {unknown}
 u - 3 scrolls of immolation {unknown}
 y - 2 scrolls of teleportation {unknown}
 z - a scroll of noise {unknown}
 B - 2 scrolls of fog
 D - a scroll of summoning {unknown}
 G - a scroll of blinking {unknown}
Potions
 a - 3 potions of haste {unknown}
 b - 3 potions of lignification
 l - 3 potions of attraction {unknown}
 o - 2 potions of magic {unknown}
 r - 2 potions of ambrosia {unknown}
 s - 3 potions of brilliance
 E - a potion of berserk rage {unknown}
 F - 2 potions of mutation {unknown}
 I - a potion of enlightenment {unknown}


   Skills:
 + Level 7.9 Fighting
 - Level 3.0 Dodging
 * Level 11.6 Unarmed Combat
 + Level 9.5 Shapeshifting


You had 9 spell levels left.
You didn't know any spells.
Your spell library contained the following spells:

 Spells                   Type           Power      Damage    Failure   Level
 Static Discharge         Conj/Air       0%         2-2/arc   54%         2
 Airstrike                Air            0%         2d(0-16)  99%         4
 Summon Lightning Spire   Summ/Air       0%         N/A       99%         4
 Conjure Ball Lightning   Conj/Air       0%         3x3d6     100%        6
 Discord                  Hex            0%         N/A       100%        8
 Disjunction              Tloc           0%         N/A       100%        8


Dungeon Overview and Level Annotations

Branches:
Dungeon (7/15)             Temple (1/1) D:5

Altars:
Ashenzari
Dithmenos
Elyvilon
Fedhas
Hepliaklqana
Kikubaaqudgha
Makhleb
Nemelex Xobeh
Okawaru
Qazlal
Ru
Sif Muna
Trog
Vehumet
Wu Jian
Zin
The Shining One

Shops:
D:3 *!


Innate Abilities, Weirdness & Mutations

You are a hulking beast.
Your limbs bulge with bestial killing power. (Slay +4)
((You are very nimble when in or above water. (Stealth+, EV+, Speed+++)))
Your lower body shifts to a powerful aquatic tail in water.


Message History

The vampire mosquito bites you.
* * * LOW HITPOINT WARNING * * *
The vampire mosquito draws strength from your injuries!
There is a fountain of clear blue water here.
As you read the scroll labelled APPEKA MUOMO, it crumbles to dust.
It is a scroll of identify.
B - 2 scrolls of fog The vampire mosquito closely misses you.
The boulder beetle stops rolling and uncurls.
The vampire mosquito misses you.
The vampire mosquito attacks as it pursues you!
The vampire mosquito bites you but does no damage.
The boulder beetle leaps!
The vampire mosquito barely misses you.
The vampire mosquito attacks as it pursues you!
The vampire mosquito bites you.
* * * LOW HITPOINT WARNING * * *
The vampire mosquito draws strength from your injuries!
The vampire mosquito barely misses you.
The vampire mosquito attacks as it pursues you!
The vampire mosquito bites you.
* * * LOW HITPOINT WARNING * * *
The vampire mosquito draws strength from your injuries!
You feel better. The vampire mosquito barely misses you.
The vampire mosquito closely misses you.
The vampire mosquito closely misses you.
The vampire mosquito attacks as it pursues you!
The vampire mosquito misses you.
The vampire mosquito bites you but does no damage.
As you read the scroll of identify, it crumbles to dust.
j - 2 scrolls of poison The vampire mosquito bites you but does no damage.
The vampire mosquito bites you.
* * * LOW HITPOINT WARNING * * *
The vampire mosquito draws strength from your injuries!
The air fills with toxic fumes!
As you read the scroll of poison, it crumbles to dust.
The vampire mosquito barely misses you. The troll bites you!
* * * LOW HITPOINT WARNING * * *
The troll closely misses you. The troll claws you!
You die...

#..#....#)#c...#.....#.#.)
#..#...##.##.T.#...#.#.#.#
##†#...#..§#...B.###...#.#
#.#...#.⌠§#...#°°#..#.#.#
#.#..###.§##..#.....#.#..
#.##[#..#§§#.#########y#.
#..###§##T§### ##.#
##..##§T#y§# ##.
##..###h### ## ##.#)##§§#
# #. #.##.#§§# ...##.##y
#.###.### #....c..
#.#..#.# ...##°##.
##.#..##[# # #.
##..###.### ##
##..##..#..# #..##..#.#..#


You could see 2 trolls and a vampire mosquito.

Vanquished Creatures
  2 hornets (D:7)
  2 wyverns (D:7)
  A steam dragon (D:7)
  A water moccasin (D:7)
  An ice beast (D:6)
  2 orc warriors
  A sky beast (D:7)
  3 black bears
  2 centaurs (D:7)
  An ogre (D:4)
  2 phantoms (D:5)
  3 scorpions
  4 bullfrogs (D:7)
  3 wights (D:6)
  11 killer bees
  A jelly (D:6)
  7 hounds
  3 orc priests
  A sleepcap (D:7)
  A gnoll bouda (D:7)
  5 iguanas
  5 orc wizards
  Natasha (thrice) (D:4 D:3)
  7 gnolls
  4 adders
  A river rat (D:6)
  A shadow imp (D:6)
  2 white imps (D:7)
  2 worms
  2 dart slugs
  23 orcs
  9 ball pythons
  4 endoplasms
  5 giant cockroaches
  6 goblins
  8 hobgoblins
  17 jackals
  2 kobolds (D:3)
  3 quokkas
  5 bats
  4 frilled lizards
  7 rats
177 creatures vanquished.

Notes
Turn   | Place    | Note
-------+----------+-------------------------------------------
     0 | D:1      | Ordine the Merfolk Shapeshifter began the quest for the
                  | Orb.
     0 | D:1      | Reached XP level 1. HP: 15/15 MP: 1/1
   133 | D:1      | Reached XP level 2. HP: 8/21 MP: 2/2
   306 | D:1      | Reached XP level 3. HP: 9/27 MP: 3/3
   445 | D:1      | Reached skill level 4 in Unarmed Combat
  1159 | D:2      | Reached XP level 4. HP: 28/33 MP: 4/4
  1509 | D:3      | Found Nuliog's Distillery.
  1916 | D:3      | Bought a potion of curing for 36 gold pieces
  1916 | D:3      | Bought a potion of heal wounds for 60 gold pieces
  1916 | D:3      | Bought a potion of brilliance for 48 gold pieces
  2031 | D:3      | Reached XP level 5. HP: 29/39 MP: 5/5
  2108 | D:3      | Found Awnaiw's Assorted Antiques.
  2114 | D:3      | Bought a scroll labelled OTEESSU BESAPT for 16 gold pieces
  2114 | D:3      | Bought a white potion for 14 gold pieces
  2258 | D:4      | Noticed Natasha
  2270 | D:3      | Reached skill level 5 in Unarmed Combat
  2270 | D:3      | Reached skill level 5 in Shapeshifting
  2331 | D:4      | Killed Natasha
  2371 | D:4      | Found a blossoming altar of Fedhas.
  2468 | D:4      | Reached XP level 6. HP: 21/47 MP: 6/6
  2580 | D:4      | Found a bloodstained altar of Trog.
  2616 | D:4      | Noticed Natasha
  2644 | D:3      | Killed Natasha
  2927 | D:4      | Reached skill level 6 in Unarmed Combat
  3265 | D:5      | Entered Level 5 of the Dungeon
  3369 | D:5      | Reached XP level 7. HP: 30/53 MP: 7/7
  3606 | D:5      | Found a staircase to the Ecumenical Temple.
  3637 | Temple   | Entered the Ecumenical Temple
  3820 | Temple   | Became a worshipper of the Wu Jian Council
  3923 | D:4      | Reached skill level 7 in Unarmed Combat
  4277 | D:3      | Noticed Natasha
  4282 | D:3      | Killed Natasha
  4292 | D:3      | Bought a scroll labelled XUNOF NUOTO for 16 gold pieces
  4292 | D:3      | Bought 2 clear potions for 28 gold pieces
  4310 | D:3      | Bought a potion of might for 48 gold pieces
  4400 | D:6      | Reached XP level 8. HP: 57/61 MP: 8/8
  4402 | D:6      | Found a glowing golden altar of the Shining One.
  4520 | D:6      | Found a shadowy altar of Dithmenos.
  4569 | D:6      | Identified the +4 shortbow of Muggec {elec, rPois rF+ Dex-3
                  | Stlth+}
  4592 | D:6      | Reached skill level 5 in Fighting
  4849 | D:6      | HP: 3/62 [orc warrior/+1 dire flail of protection (6)]
  4855 | D:6      | Reached skill level 8 in Unarmed Combat
  5412 | D:6      | Reached * piety under Wu Jian
  5836 | D:6      | Reached skill level 9 in Unarmed Combat
  6130 | D:6      | Reached XP level 9. HP: 40/69 MP: 9/9
  6908 | D:7      | Reached skill level 10 in Unarmed Combat
  7207 | D:7      | Noticed a hornet
  7214 | D:7      | Killed a hornet
  7510 | D:7      | Reached skill level 11 in Unarmed Combat
  7511 | D:7      | Reached ** piety under Wu Jian
  7599 | D:7      | Found a stormy altar of Qazlal.
  7614 | D:7      | Reached XP level 10. HP: 78/79 MP: 10/10
  7620 | D:7      | Paralysed by a hornet for 3 turns
  7968 | D:7      | Noticed a boulder beetle
  8016 | D:7      | Slain by a troll

Illustrated notes

Levels and vault maps discovered:
D:1:      scummos_arrival_checkerplants, layout_basic
D:2:      layout_basic, serial_bayou_pond_e
D:3:      layout_loops_ring, serial_shops, shop, nicolae_shop_advertising_works
          [nicolae_subvault_shop_adworks], minivault_4
D:4:      layout_cave_pools, pf_just_have_faith, fedhas_altar_3,
          serial_bayou_pond_b, uniq_natasha
D:5:      layout_cave_pools, minmay_temple_entry_junction_2, abandoned_shop
D:6:      layout_basic, grunt_dithmenos_smoke, marbit_many_paths,
          portal_sewer_entry_a, kennysheep_dice
D:7:      minmay_the_grid_octo_tiled_octocenter [minmay_the_grid_octo_toaster,
          minmay_the_grid_octo_fat_diamond,
          minmay_the_grid_octo_vomiting_pacman, minmay_the_grid_octo_concentric,
          minmay_the_grid_octo_prize_square_snowflake,
          minmay_the_grid_square_5x5_corner, minmay_the_grid_square_5x5_percent,
          minmay_the_grid_square_5x5_pentomino_r,
          minmay_the_grid_square_5x5_three_walls], layout_cave_pools,
          kennysheep_small_circle
Temple:   nicolae_temple_godzebo

Skill      XL: |  1  2  3  4  5  6  7  8  9 |
---------------+----------------------------+-----
Dodging        | 3 |  3.0
Unarmed Combat | 4 5 6 7 9 11 | 11.6
Fighting       | 2 3 4 6 7 |  7.9
Shapeshifting  | 5 6 7 9 |  9.5

Action                     |  1- 3 |  4- 6 |  7- 9 | 10-12 || total
---------------------------+-------+-------+-------+-------++-------
  Melee: Unarmed           |   123 |   151 |   279 |    51 ||   604
         Punch             |     4 |     5 |    15 |     1 ||    25
Ability: Begin Untransform |     1 |       |       |       ||     1
         Lunge             |       |       |    10 |     2 ||    12
         Whirlwind         |       |       |     7 |     1 ||     8
    Use: Potion            |       |       |     4 |     3 ||     7
         Scroll            |       |       |       |     3 ||     3
   Stab: Sleeping          |     2 |     1 |       |       ||     3
         Distracted        |       |       |     2 |       ||     2
 Armour: Animal skin       |    57 |       |       |       ||    57
         Leather armour    |       |    79 |   197 |    71 ||   347
  Dodge: Dodged            |   101 |    85 |   206 |    42 ||   434
   Form: Beast             |     1 |       |       |       ||     1

Table legend: (Time is in decaauts)
 A = Elapsed time spent in this place.
 B = Non-inter-level travel time spent in this place.
 C = Inter-level travel time spent in this place.
 D = Time resting spent in this place.
 E = Time spent auto-exploring this place.
 F = Levels seen in this place.
 G = Mean time per level.
                   A        B        C        D        E       F      G
               +--------+--------+--------+--------+--------+-----+--------+
         Total |   7950 |   7207 |    743 |   1523 |   4388 |   8 |  993.8 |
       Dungeon |   7738 |   7051 |    687 |   1369 |   4388 |   7 | 1105.4 |
        Temple |    212 |    156 |     56 |    154 |      0 |   1 |  212.0 |
               +--------+--------+--------+--------+--------+-----+--------+

Top non-repeatable levels by time:
     D:6: 2081 daAuts
     D:7: 1358 daAuts
     D:3: 1037 daAuts
     D:1: 1023 daAuts
     D:5: 881 daAuts
     D:4: 803 daAuts
     D:2: 552 daAuts
  Temple: 212 daAuts
